 Dungeon Crawl Stone Soup version 0.23.2-1-ga50397a6bc (webtiles) character file.

Game seed: 6225069913905761443

9 Mrkan the Gusty (level 2, -4/23 HPs)
             Began as a Gnoll Wanderer on May 13, 2019.
             Slain by a kobold
             ... wielding a +0 short sword
              (6 damage)
             ... on level 1 of the Dungeon.
             The game lasted 00:01:23 (263 turns).

Mrkan the Gusty (Gnoll Wanderer)                     Turns: 263, Time: 00:01:24

Health: -4/23      AC:  2    Str: 13    XL:     2   Next: 16%
Magic:  5/5        EV: 12    Int: 15    God:
Gold:   19         SH:  4    Dex: 14    Spells: 6/6 levels left

rFire    . . .     SeeInvis .   a - +0 dagger
rCold    . . .     Gourm    .   c - +0 buckler
rNeg     . . .     Faith    .   d - +0 robe
rPois    .         Spirit   .   (no helmet)
rElec    .         Reflect  .   (no cloak)
rCorr    .         Harm     .   (no gloves)
MR       .....                  (no boots)
Stlth    ++........             (no amulet)
HPRegen  0.07/turn              (no ring)
MPRegen  0.09/turn              (no ring)

@: no status effects
A: distributed training, fangs 1, strong nose
a: no special abilities


You were on level 1 of the Dungeon.
You were not hungry.

You visited 1 branch of the dungeon, and saw 1 of its levels.

You collected 19 gold pieces.

Inventory:

Hand Weapons
 a - a +0 dagger (weapon)
Armour
 c - a +0 buckler (worn)
 d - a +0 robe (worn)
Scrolls
 g - a scroll of fear {unknown}
Potions
 b - a potion of invisibility {unknown}
Miscellaneous
 e - a fan of gales
Comestibles
 f - a ration


   Skills:
 + Level 2.4 Fighting
 + Level 0.3 Short Blades
 + Level 0.3 Long Blades
 + Level 0.3 Axes
 + Level 0.3 Maces & Flails
 + Level 0.3 Polearms
 + Level 0.3 Staves
 + Level 0.3 Slings
 + Level 0.3 Bows
 + Level 0.3 Crossbows
 + Level 0.3 Throwing
 + Level 0.3 Armour
 + Level 2.4 Dodging
 + Level 2.2 Stealth
 + Level 2.4 Shields
 + Level 0.3 Unarmed Combat
 + Level 2.7 Spellcasting
 + Level 0.2 Conjurations
 + Level 0.2 Hexes
 + Level 3.7 Charms
 + Level 0.2 Summonings
 + Level 0.2 Necromancy
 + Level 0.2 Translocations
 + Level 0.2 Transmutations
 + Level 0.2 Fire Magic
 + Level 0.2 Ice Magic
 + Level 3.7 Air Magic
 + Level 0.2 Earth Magic
 + Level 0.2 Poison Magic
 + Level 0.4 Invocations
 + Level 2.4 Evocations


You had 6 spell levels left.
You didn't know any spells.
Your spell library contained the following spells:

 Spells                   Type           Power        Failure   Level  Hunger
 Swiftness                Chrm/Air       ##......     9%          2    ##.....
 Poisonous Vapours        Pois/Air       #.....       17%         2    ##.....


Dungeon Overview and Level Annotations

Branches:
Dungeon (1/15)

Altars:


Innate Abilities, Weirdness & Mutations

Your experience applies equally to all skills.
You have very sharp teeth.
Your uncanny sense of smell can sniff out nearby items.


Message History

You kill the kobold!
You hit the rat but do no damage. The rat bites you but does no damage.
You hit the rat but do no damage. The rat bites you but does no damage.
You hit the rat.
The rat is severely wounded.
The rat bites you.
* * * LOW HITPOINT WARNING * * *
You hit the rat.
You kill the rat!
The kobold throws a stone.
The stone barely misses you.
A goblin comes into view.
You block the kobold's attack.
Things that are here:
a +0 club; a rat corpse; a kobold corpse You barely miss the kobold.
The kobold barely misses you.
You closely miss the kobold. The kobold barely misses you.
The goblin shouts!
You closely miss the kobold. The goblin closely misses you.
The kobold hits you with a +0 short sword.
You die...

.####......#...
..##.........#
..##.#.###...# ### #
.....#.###(#.# #(..#
.#.#.#.....#.###.#.
.........#........
.....##.##.....#.#
.............#.#g#
.#...##........#@## .
.........)......K.##....
.(......................
.##..##..#.###.#%###....
...........#.....[. ...
####.#.##..#.#....... ..
#........#.#..........
#.......## #.........
#........ #.........


You could see a goblin and a kobold.

Vanquished Creatures
  A giant cockroach (D:1)
  2 goblins (D:1)
  2 hobgoblins (D:1)
  2 kobolds (D:1)
  A rat (D:1)
8 creatures vanquished.

Notes
Turn   | Place    | Note
-------+----------+-------------------------------------------
     0 | D:1      | Mrkan the Gnoll Wanderer began the quest for the Orb.
     0 | D:1      | Mrkan set off with the following items: a +0 dagger, a +0
                  | buckler, a +0 robe, a fan of gales, a ration; and the
                  | following spells available to memorise: Swiftness,
                  | Poisonous Vapours
     0 | D:1      | Reached XP level 1. HP: 17/17 MP: 4/4
   238 | D:1      | Reached XP level 2. HP: 16/23 MP: 5/5
   258 | D:1      | HP: 1/23 [rat (1)]
   263 | D:1      | Slain by a kobold

Action                   || total
-------------------------++-------
Melee: Dagger            ||    36
       Bite              ||     3
 Stab: Sleeping          ||     1
Armor: Robe              ||     3
Dodge: Dodged            ||    17
Block: Buckler           ||     5
